 Dungeon Crawl Stone Soup version 0.31-a0-472-g43a2ca8e1b (webtiles) character file.

Game seed: 10985386063822022012

2128 Ethylacetat the Changeling (level 9, -4/62 HPs)
             Began as an Octopode Shapeshifter on Aug 6, 2023.
             Was an Initiate of Gozag.
             Slain by a gnoll
             ... wielding a +0 spear
              (6 damage)
             ... on level 6 of the Dungeon.
             The game lasted 00:08:15 (5118 turns).

Ethylacetat the Changeling (Octopode Shapeshifter)  Turns: 5118, Time: 00:08:16

Health: -4/62      AC:  1    Str: 15      XL:     9   Next: 29%
Magic:  9/9        EV: 18    Int: 10      God:    Gozag
Gold:   426        SH:  0    Dex: 14 (16) Spells: 8/8 levels left

rFire   . . .        a - +3 dagger (venom)
rCold   . . .        (no shield)
rNeg    + . .        (helmet currently unavailable)
rPois   .            (no amulet)
rElec   .            d - +5 ring of evasion
rCorr   .            v - ring of positive energy
SInv    .            (no ring)
Will    .....        (no ring)
Stlth   ++           (no ring)
HPRegen 0.30/turn    (no ring)
MPRegen 0.11/turn    (no ring)
                     (no ring)

%: no passive effects
@: brilliant, beast-form, gold aura
A: beast (slay +5), almost no armour, amphibious, 8 rings, camouflage 1,
gelatinous body 1, (nimble swimmer 1), tentacles
a: Begin Untransformation, Renounce Religion, Potion Petition, Call Merchant,
Bribe Branch


You were on level 6 of the Dungeon.
You worshipped Gozag.
Gozag was aware of your devotion.
You were a hulking beast.
You visited 2 branches of the dungeon, and saw 7 of its levels.

You collected 482 gold pieces.
You paid 56 gold pieces to Gozag.

Inventory:

Hand Weapons
 a - a +3 dagger of venom (weapon)
 u - a +1 heavy sling
Jewellery
 d - a +5 ring of evasion (left tentacle)
 v - a ring of positive energy (right tentacle)
Talismans
 b - a beast talisman (active)
Wands
 y - a wand of polymorph (4)
Scrolls
 f - 3 scrolls of teleportation {unknown}
 g - a scroll of fear {unknown}
 h - a scroll of immolation {unknown}
 i - a scroll of revelation {unknown}
 j - 2 scrolls of vulnerability {unknown}
 l - 2 scrolls of poison {unknown}
 n - 4 scrolls of noise
 q - a scroll of fog
 r - a scroll of amnesia {unknown}
 t - 2 scrolls of identify
 w - a scroll of enchant weapon
 x - 2 scrolls of silence {unknown}
Potions
 c - 3 potions of curing
 e - a potion of invisibility {unknown}
 k - a potion of brilliance
 m - a potion of degeneration {unknown}
 o - 3 potions of attraction {unknown}
 p - a potion of cancellation {unknown}
 s - a potion of haste {unknown}
 z - a potion of mutation {unknown}
 A - a potion of magic {unknown}
 B - a potion of heal wounds {unknown}
 C - a potion of might {unknown}


   Skills:
 + Level 5.9 Fighting
 - Level 2.0 Dodging
 + Level 6.7 Unarmed Combat
 * Level 7.7 Shapeshifting


You had 8 spell levels left.
You didn't know any spells.
Your spell library contained the following spells:

 Spells                   Type           Power      Damage    Failure   Level
 Magic Dart               Conj           0%         1d3       36%         1
 Searing Ray              Conj           0%         2d4       50%         2
 Inner Flame              Hex/Fire       0%         N/A       75%         3
 Fulminant Prism          Conj/Hex       0%         3d5       98%         4
 Yara's Violent Unravell  Hex/Tmut       0%         3d3       100%        5
 Enfeeble                 Hex            0%         N/A       100%        7


Dungeon Overview and Level Annotations

Branches:
Dungeon (6/15)             Temple (1/1) D:4

Altars:
Ashenzari
Cheibriados
Dithmenos
Elyvilon
Fedhas
Gozag
Hepliaklqana
Kikubaaqudgha
Nemelex Xobeh
Qazlal
Ru
Trog
Uskayaw
Vehumet
Wu Jian
Xom
Yredelemnul
Zin
The Shining One

Shops:
D:1 *   D:4 *

Annotations:
D:4 3 runed translucent doors, Ethylacetat's ghost, amateur OpSh
D:6 Eustachio


Innate Abilities, Weirdness & Mutations

You are a hulking beast.
Your limbs bulge with bestial killing power. (Slay +5)
You cannot wear most types of armour.
You are amphibious.
You can wear up to eight rings at the same time.
Your skin changes colour to match your surroundings (Stealth+).
Your rubbery body absorbs attacks. (AC +1, EV +1)
((You are camouflaged when in or above water. (Stealth+)))
You have tentacles for arms and can constrict up to eight enemies at once.


Message History

Okay, then.
As you read the scroll labelled SANTUJ SOXT, it dissolves into smoke.
It was a scroll of fog.
The ufetubus closely misses you. The ufetubus completely misses you.
The quasit closely misses you. x2
The quasit barely misses you. The gnoll misses you.
Eustachio is distracted by your dazzling golden aura.
As you read the scroll labelled PUSCHOK ZITTUAL, it crumbles to dust.
It is a scroll of identify.
n - 4 scrolls of noise The ufetubus barely misses you. x2; The quasit barely misses you.
The quasit misses you. The quasit completely misses you.
The centaur barely misses you. The centaur completely misses you.
The gnoll hits you from afar with a +0 spear.
The ufetubus misses you. The ufetubus closely misses you.
As you read the scroll labelled VENUOD UPPEESH, it crumbles to dust.
It is a scroll of enchant weapon.
Your +2 dagger of venom glows red for a moment.
The quasit bites you.
You feel clumsy. The quasit barely misses you. The quasit claws you.
* * * LOW HITPOINT WARNING * * *
The centaur hits you.
* * * LOW HITPOINT WARNING * * *
The centaur kicks you.
* * * LOW HITPOINT WARNING * * *
The ufetubus misses you. The ufetubus closely misses you.
The quasit is distracted by your dazzling golden aura.
The centaur barely misses you. The centaur kicks you.
* * * LOW HITPOINT WARNING * * *
The gnoll hits you from afar with a +0 spear.
* * * LOW HITPOINT WARNING * * *
It was a potion of brilliance.
You feel clever all of a sudden.
The ufetubus closely misses you. x2; The centaur hits you.
* * * LOW HITPOINT WARNING * * *
The centaur kicks you.
* * * LOW HITPOINT WARNING * * *
The gnoll hits you from afar with a +0 spear.
You die...
Your body crumbles into a pile of gold.

#..# #..#
....
##.###......
#...#......
$
#...#.......
##..#....?..
##§#§......
#§c###5..#
#h§#...#
#55@.#
##g###
#ooo.#
#..o.#
#..[.#
#!.....
#....###
#....#


You could see Eustachio (unaware), a centaur, a quasit (summoned, unaware), a
gnoll and an ufetubus.

Vanquished Creatures
  Pikel (D:5)
  Sigmund (D:6)
  A water moccasin (D:4)
  2 black bears (D:4)
  A centaur (D:5)
  An ogre (D:4)
  A lemure (D:4)
  2 phantoms (D:6)
  Blork the orc (D:6)
  A gnoll sergeant (D:5)
  A scorpion (D:6)
  5 wights
  A howler monkey (D:4)
  2 hounds
  An orc priest (D:3)
  A jelly (D:5)
  An iguana (D:5)
  3 orc wizards
  A mummy (D:3)
  4 adders
  6 gnolls
  3 ufetubi
  A worm (D:5)
  4 dart slugs
  10 orcs
  6 endoplasms
  3 giant cockroaches
  9 goblins
  6 hobgoblins
  3 quokkas (D:3)
  9 ball pythons
  9 bats
  4 frilled lizards
  6 kobolds
  2 rats
113 creatures vanquished.

Notes
Turn   | Place    | Note
-------+----------+-------------------------------------------
     0 | D:1      | Ethylacetat the Octopode Shapeshifter began the quest for
                  | the Orb.
     0 | D:1      | Reached XP level 1. HP: 13/13 MP: 1/1
   125 | D:1      | Reached XP level 2. HP: 10/18 MP: 2/2
   290 | D:1      | Reached XP level 3. HP: 10/23 MP: 3/3
   570 | D:1      | Found a faded altar of an unknown god.
   707 | D:1      | Found Datuuta's General Store.
  1084 | D:2      | Found an ornate altar of the Wu Jian Council.
  1365 | D:2      | Reached XP level 4. HP: 28/29 MP: 4/4
  1684 | D:3      | Reached skill level 4 in Shapeshifting
  1693 | D:3      | Reached XP level 5. HP: 19/34 MP: 5/5
  2074 | D:3      | Found a snail-covered altar of Cheibriados.
  2355 | D:4      | Found a runed translucent gate.
  2355 | D:4      | Found a runed translucent gate.
  2355 | D:4      | Found a runed translucent gate.
  2381 | D:4      | Noticed an ice beast
  2430 | D:4      | Found Nuol's Serpentskin Sales.
  2430 | D:4      | Noticed a water moccasin
  2439 | D:4      | Killed a water moccasin
  2440 | D:4      | Reached XP level 6. HP: 9/42 MP: 6/6
  2614 | D:4      | Noticed a black bear
  2621 | D:4      | Killed a black bear
  2622 | D:4      | Reached skill level 5 in Shapeshifting
  2875 | D:4      | Found a staircase to the Ecumenical Temple.
  3256 | D:4      | Reached XP level 7. HP: 46/46 MP: 7/7
  3487 | D:4      | Noticed Ethylacetat's ghost (amateur OpSh)
  3527 | Temple   | Entered the Ecumenical Temple
  3564 | Temple   | Became a worshipper of Gozag Ym Sagoz the Greedy
  3652 | D:5      | Entered Level 5 of the Dungeon
  3652 | D:5      | Found a broken altar of Ashenzari.
  3703 | D:5      | Reached skill level 5 in Unarmed Combat
  3903 | D:5      | Reached skill level 6 in Shapeshifting
  3903 | D:5      | Reached XP level 8. HP: 54/54 MP: 8/8
  3959 | D:5      | Noticed Pikel
  4039 | D:5      | Found an ornate altar of the Wu Jian Council.
  4250 | D:5      | Found a glowing silver altar of Zin.
  4527 | D:5      | Killed Pikel
  4528 | D:5      | Reached skill level 5 in Fighting
  4528 | D:5      | Reached skill level 7 in Shapeshifting
  4830 | D:6      | Reached XP level 9. HP: 61/61 MP: 9/9
  4843 | D:6      | Noticed Blork the orc
  4861 | D:6      | Killed Blork the orc
  5017 | D:6      | Noticed Sigmund
  5025 | D:6      | Killed Sigmund
  5106 | D:6      | Noticed Eustachio
  5118 | D:6      | HP: 2/62 [centaur (3)]
  5118 | D:6      | Slain by a gnoll

Illustrated notes

Levels and vault maps discovered:
D:1:      saegor_arrival_simple_c, layout_basic,
          dilly_ecumenical_altar_fadedgnrine, serial_shops,
          nicolae_shop_real_fake_doors, st_stairs_3
D:2:      layout_basic, basic_altar, minmay_hedge_maze,
          kennysheep_generic_room_14
D:3:      layout_rooms, nicolae_overflow_hidden_temple, slow_altar_1,
          nrook_campfire, minmay_fountain_box
D:4:      layout_layer_cave, minmay_temple_entry_glass, gammafunk_ghost_icy,
          guppyfry_shop_venom
D:5:      layout_gridville, mainiacjoe_overflow_tiny_flanked,
          nicolae_wu_jian_immortal_techniques, zin_treasury,
          minmay_misc_feat_tiny, grunt_ministairs_2, uniq_pikel
D:6:      layout_rooms, uniq_blork_the_orc, uniq_crazy_yiuf_cottage,
          uniq_sigmund, uniq_eustachio, uniq_maggie
Temple:   regret_index_temple_generic_petals

Skill      XL: |  1  2  3  4  5  6  7  8 |
---------------+-------------------------+-----
Fighting       | 2 3 4 5 |  5.9
Shapeshifting  | 4 5 6 7 |  7.7
Unarmed Combat | 4 5 6 |  6.7
Dodging        | |  2.0

Action                     |  1- 3 |  4- 6 |  7- 9 || total
---------------------------+-------+-------+-------++-------
  Melee: Unarmed           |    60 |    56 |       ||   116
         Constrict         |    16 |    21 |    31 ||    68
         Tentacles         |     9 |    22 |    35 ||    66
         Punch             |     1 |     1 |     5 ||     7
         Dagger            |       |    25 |   105 ||   130
   Fire: Sling             |       |     9 |       ||     9
    Use: Potion            |       |     3 |     1 ||     4
         Scroll            |       |       |     3 ||     3
   Stab: Sleeping          |    11 |     5 |     6 ||    22
         Distracted        |     2 |     1 |     1 ||     4
 Armour: Skin              |     4 |    13 |     6 ||    23
  Dodge: Dodged            |    30 |    62 |   143 ||   235

Table legend: (Time is in decaauts)
 A = Elapsed time spent in this place.
 B = Non-inter-level travel time spent in this place.
 C = Inter-level travel time spent in this place.
 D = Time resting spent in this place.
 E = Time spent auto-exploring this place.
 F = Levels seen in this place.
 G = Mean time per level.
                   A        B        C        D        E       F      G
               +--------+--------+--------+--------+--------+-----+--------+
         Total |   5121 |   4755 |    366 |    266 |   3672 |   7 |  731.6 |
       Dungeon |   5048 |   4753 |    295 |    266 |   3672 |   6 |  841.3 |
        Temple |     73 |      2 |     71 |      0 |      0 |   1 |   73.0 |
               +--------+--------+--------+--------+--------+-----+--------+

Top non-repeatable levels by time:
     D:4: 1651 daAuts
     D:1: 1038 daAuts
     D:5: 819 daAuts
     D:3: 677 daAuts
     D:2: 489 daAuts
     D:6: 371 daAuts
  Temple: 73 daAuts
